 Dungeon Sprint DCSS version 0.30-a0-1112-gfb780f5df6 (webtiles) character file.

Game seed: 4903117689632773865

6435 sircluck the Executioner (level 10, -11/112 HPs)
             Began as a Hill Orc Berserker on Apr 19, 2023.
             Was a High Priest of Trog.
             Mangled by a boulder beetle (46 damage)
             ... in the Dungeon (Sprint IX: "|||||||||||||||||||||||||||||").
             The game lasted 00:02:11 (949 turns).

sircluck the Executioner (Hill Orc Berserker)        Turns: 949, Time: 00:02:14

Health: -11/112    AC: 11    Str: 28    XL:     10   Next: 99%
Magic:  10/10      EV: 12    Int:  7    God:    Trog [*****.]
Gold:   8          SH:  0    Dex: 10    Spells: 9/9 levels left

rFire   . . .      SeeInvis .    u - +4 battleaxe (flame)
rCold   . . .      Faith    .    (shield currently unavailable)
rNeg    . . .      Spirit   .    m - +1 scale mail
rPois   .          Reflect  .    (no helmet)
rElec   .          Rampage  .    n - +0 cloak
rCorr   .          NoTele   +    (no gloves)
Will    .....                    (no boots) Stlth
                                 (no amulet)
HPRegen 0.38/turn                k - +3 ring of strength
MPRegen 0.12/turn                (no ring)

@: lethally poisoned (-11 -> -52), on berserk cooldown, slowed, very slow
A: no striking features
a: Renounce Religion, Berserk, Trog's Hand, Brothers in Arms


You were in the Dungeon.
You worshipped Trog.
Trog was extremely pleased with you.
You visited 1 branch You collected 8 gold pieces.

Inventory:

Hand Weapons
 a - a +0 hand axe
 o - a +1 heavy broad axe
 u - a +4 battleaxe of flaming (weapon)
Armour
 b - a +0 animal skin
 m - a +1 scale mail (worn)
 n - a +0 cloak (worn)
Jewellery
 k - a +3 ring of strength (left hand)
 l - a +3 ring of intelligence
 q - a +4 ring of protection
Wands
 j - a wand of acid (10)
Scrolls
 h - 3 scrolls of blinking
 r - 2 scrolls of identify
 s - 2 scrolls of enchant armour
 t - a scroll of fear
Potions
 c - 5 potions of curing
 d - 6 potions of heal wounds
 e - 2 potions of haste
 f - 4 potions of magic
 g - a potion of berserk rage
 i - a potion of invisibility
 p - a potion of resistance


   Skills:
 + Level 17.9 Fighting
 + Level 21.6 Axes
 + Level 10.3 Armour
 + Level 7.4 Dodging
 + Level 1.1 Stealth


You had 9 spell levels left.
You didn't know any spells.
Your spell library was empty.

Dungeon Overview and Level Annotations

Branches:
Dungeon (1/1)

Altars:
Cheibriados
Dithmenos
Elyvilon
Fedhas
Gozag
Hepliaklqana
Kikubaaqudgha
Makhleb
Nemelex Xobeh
Okawaru
Qazlal
Ru
Sif Muna
Trog
Uskayaw
Vehumet
Wu Jian
Xom
Yredelemnul
Zin
The Shining One
Beogh
Jiyva
Lugonu


Message History

The boulder beetle is lightly wounded.
The boulder beetle curls into a ball and begins rolling!
The boulder beetle bites you!
* * * LOW HITPOINT WARNING * * *
You barely miss the boulder beetle.
The boulder beetle is lightly wounded.
You slash the boulder beetle! You burn the boulder beetle.
The boulder beetle is lightly wounded.
The boulder beetle leaps!
The black mamba bites you.
* * * LOW HITPOINT WARNING * * *
The boulder beetle stops rolling and uncurls.
You barely miss the black mamba. The black mamba misses you.
You barely miss the black mamba.
The black mamba bites you but does no damage.
You closely miss the black mamba.
The black mamba bites you but does no damage.
You barely miss the black mamba.
You are no longer berserk.
You are exhausted.
You feel yourself slow down. The black mamba closely misses you.
You barely miss the black mamba. The black mamba bites you.
* * * LOW HITPOINT WARNING * * *
You are poisoned.
The black mamba poisons you!
The boulder beetle curls into a ball and begins rolling!
You barely miss the black mamba.
You feel very sick. The black mamba bites you!
* * * LOW HITPOINT WARNING * * *
You are lethally poisoned!
The black mamba poisons you!
The black mamba bites you but does no damage.
You feel much better.
You feel extremely sick. The black mamba closely misses you.
The black mamba bites you.
You are lethally poisoned!
The black mamba poisons you! The black mamba closely misses you.
The boulder beetle hits you!!!
You die...

▓†▓.▓_▓
▓†▓.▓_▓
▓.▓.▓_▓
▓°▓.▓_▓
▓°▓.▓_▓
▓○▓.▓_▓
▓○▓.▓_▓
▓B▓.▓_▓
▓@▓.▓_▓
▓S▓.▓_▓
▓F▓.▓_▓
▓l▓.▓_▓
▓B▓.▓_▓
▓.▓.▓_▓
▓.▓.▓_▓
▓.▓.▓_▓
▓.▓.▓_▓


You could see 2 boulder beetles, a komodo dragon, a black mamba and a cane toad.

Vanquished Creatures
  A centaur warrior (D)
  3 two-headed ogres (D)
  A skyshark (D)
  A manticore (D)
  2 elephants (D)
  A cane toad (D)
  A komodo dragon (D)
  A troll (D)
  A yak (D)
  A wyvern (D)
  A basilisk (D)
  A vampire mosquito (D)
  2 water moccasins (D)
  2 orc warriors (D)
  An ogre (D)
  A wolf (D)
  3 bullfrogs (D)
  A wight (D)
  A hound (D)
  A jelly (D)
  An orc priest (D)
  An adder (D)
  An endoplasm (D)
  A goblin (D)
  A quokka (D)
  A ball python (D)
  A rat (D)
34 creatures vanquished.

Vanquished Creatures (collateral kills)
  A black mamba (D)
1 creature vanquished.

Grand Total: 35 creatures vanquished

Notes
Turn   | Place    | Note
-------+----------+-------------------------------------------
     0 | D        | sircluck the Hill Orc Berserker began the quest for the
                  | Orb.
     0 | D        | Reached XP level 1. HP: 19/19 MP: 1/1
     8 | D        | Reached ** piety under Trog
    18 | D        | Reached skill level 5 in Axes
    62 | D        | Noticed a jelly
    62 | D        | Noticed an ogre
    62 | D        | Noticed a hound
    62 | D        | Noticed an orc priest
    65 | D        | Killed a jelly
    66 | D        | Reached skill level 5 in Fighting
    66 | D        | Reached skill level 6 in Axes
    66 | D        | Reached XP level 2. HP: 30/30 MP: 2/2
    66 | D        | Reached XP level 3. HP: 37/37 MP: 3/3
    68 | D        | Killed an ogre
    68 | D        | Reached *** piety under Trog
    69 | D        | Reached skill level 9 in Axes
    69 | D        | Reached XP level 4. HP: 48/48 MP: 4/4
    69 | D        | Reached XP level 5. HP: 53/53 MP: 5/5
    74 | D        | Reached skill level 10 in Axes
   128 | D        | Found a roughly hewn altar of Beogh.
   128 | D        | Found a snail-covered altar of Cheibriados.
   128 | D        | Found a shadowy altar of Dithmenos.
   128 | D        | Found a white marble altar of Elyvilon.
   128 | D        | Found a blossoming altar of Fedhas.
   128 | D        | Found an opulent altar of Gozag.
   129 | D        | Found a hazy altar of Hepliaklqana.
   130 | D        | Found a viscous altar of Jiyva.
   131 | D        | Found an ancient bone altar of Kikubaaqudgha.
   132 | D        | Found a corrupted altar of Lugonu.
   133 | D        | Found a burning altar of Makhleb.
   134 | D        | Found a sparkling altar of Nemelex Xobeh.
   135 | D        | Found an iron altar of Okawaru.
   136 | D        | Found a stormy altar of Qazlal.
   137 | D        | Found a sacrificial altar of Ru.
   138 | D        | Found a shimmering blue altar of Sif Muna.
   139 | D        | Found a bloodstained altar of Trog.
   140 | D        | Found a hide-covered altar of Uskayaw.
   141 | D        | Found a radiant altar of Vehumet.
   142 | D        | Found an ornate altar of the Wu Jian Council.
   143 | D        | Found a shimmering altar of Xom.
   144 | D        | Found a basalt altar of Yredelemnul.
   145 | D        | Found a glowing silver altar of Zin.
   146 | D        | Found a glowing golden altar of the Shining One.
   204 | D        | Noticed a two-headed ogre
   204 | D        | Noticed an orc warrior
   204 | D        | Noticed a vampire mosquito
   204 | D        | Noticed a yak
   204 | D        | Noticed an orc warrior
   210 | D        | Killed a two-headed ogre
   210 | D        | Reached **** piety under Trog
   211 | D        | Reached skill level 14 in Axes
   211 | D        | Reached skill level 5 in Armour
   211 | D        | Reached skill level 5 in Dodging
   211 | D        | Reached XP level 6. HP: 26/70 MP: 6/6
   211 | D        | Reached XP level 7. HP: 28/77 MP: 7/7
   215 | D        | Reached skill level 15 in Axes
   215 | D        | Reached XP level 8. HP: 24/85 MP: 8/8
   220 | D        | Killed a yak
   221 | D        | Reached skill level 16 in Axes
   426 | D        | Noticed a centaur warrior
   426 | D        | Noticed a two-headed ogre
   426 | D        | Noticed a troll
   426 | D        | Noticed a two-headed ogre
   426 | D        | Noticed a manticore
   435 | D        | Killed a centaur warrior
   436 | D        | Reached skill level 17 in Axes
   436 | D        | Reached XP level 9. HP: 79/96 MP: 9/9
   439 | D        | Killed a two-headed ogre
   439 | D        | Reached ***** piety under Trog
   440 | D        | Reached skill level 15 in Fighting
   440 | D        | Reached skill level 18 in Axes
   440 | D        | Killed a troll
   444 | D        | Reached skill level 19 in Axes
   446 | D        | Killed a two-headed ogre
   447 | D        | Reached XP level 10. HP: 73/107 MP: 10/10
   449 | D        | Killed a manticore
   450 | D        | Reached skill level 20 in Axes
   759 | D        | Noticed a cane toad
   767 | D        | Noticed a skyshark
   772 | D        | Killed a cane toad
   772 | D        | Received a gift from Trog
   778 | D        | Killed a skyshark
   782 | D        | Reached skill level 21 in Axes
   917 | D        | Noticed a black mamba
   917 | D        | Noticed an elephant
   917 | D        | Noticed an elephant
   917 | D        | Noticed a boulder beetle
   917 | D        | Noticed a black mamba
   922 | D        | Killed a black mamba
   924 | D        | Noticed a boulder beetle
   926 | D        | Noticed a cane toad
   930 | D        | Killed an elephant
   931 | D        | Reached skill level 10 in Armour
   934 | D        | Killed an elephant
   934 | D        | Received a gift from Trog
   935 | D        | Reached skill level 1 in Stealth
   949 | D        | Mangled by a boulder beetle

Illustrated notes

Levels and vault maps discovered:
D:        linesprint [early_d, line_temple, items_1, d_10, items_2, lair_1,
          lair_end, items_3, orc_1, orc_end, items_4, d_15, swamp_1, shoals_1,
          snake_1, spider_1, d_20, vaults_1, items_5, swamp_end, shoals_end,
          snake_end, spider_end, vaults_end, d_27, items_6, zot_1, zot_end,
          crypt_end, forest_end, elf_end, slime_end, tomb_end, abyss_end,
          pan_hell_end]

Skill      XL: |  1  2  3  4  5  6  7  8  9 10 |
---------------+-------------------------------+-----
Fighting       | 5 7 12 14 16 17 | 17.9
Axes           | 6 9 14 15 17 19 21 | 21.6
Armour         | 3 5 6 8 10 | 10.3
Dodging        | 2 3 5 6 7 |  7.4
Stealth        | 1 |  1.1

Action                     |  1- 3 |  4- 6 |  7- 9 | 10-12 || total
---------------------------+-------+-------+-------+-------++-------
  Melee: Hand axe          |    19 |     7 |       |       ||    26
         Broad axe         |       |     5 |    28 |    24 ||    57
         Battleaxe         |       |       |       |    17 ||    17
 Invoke: Berserk           |     1 |     1 |     1 |     2 ||     5
         Brothers in Arms  |       |       |       |     1 ||     1
    Use: Potion            |       |       |       |     1 ||     1
 Armour: Animal skin       |     3 |       |       |       ||     3
         Scale mail        |       |     1 |    10 |    13 ||    24
  Dodge: Dodged            |     8 |     3 |    10 |    16 ||    37

Table legend: (Time is in decaauts)
 A = Elapsed time spent in this place.
 B = Non-inter-level travel time spent in this place.
 C = Inter-level travel time spent in this place.
 D = Time resting spent in this place.
 E = Time spent auto-exploring this place.
 F = Levels seen in this place.
 G = Mean time per level.
                   A        B        C        D        E       F      G
               +--------+--------+--------+--------+--------+-----+--------+
         Total |    972 |    972 |      0 |    513 |    206 |   1 |  972.0 |
       Dungeon |    972 |    972 |      0 |    513 |    206 |   1 |  972.0 |
               +--------+--------+--------+--------+--------+-----+--------+

Top non-repeatable levels by time:
       D: 972 daAuts
